Map: Port Aleksander LE

Players

GunGFuBanDa

  • Race: Protoss Protoss
  • League: Grandmaster
  • Spawn Location: 5:00

Lambo - Winner!

  • Race: Zerg Zerg
  • League: Grandmaster
  • Spawn Location: 11:00

VOD

Have the link to the VOD?

Description

Time

  • Played on: Jan. 10, 2019, 1:31 p.m.
  • Length: 13:15
Show
View Real Time Build Order
Export as new Build Order

GunGFuBanDa Protoss 

Build Orders: Chargelot Immortal 

Get SALT Encoding   

  12  0:00  Probe  
  13  0:12  Probe  
  14  0:20  Pylon  
  14  0:24  Probe  
  15  0:34  Probe  
  15  0:39  Gateway  
  15  0:42  Probe  
  17  0:55  Forge  
  17  0:57  Probe  
  18  1:19  Pylon  
  18  1:29  Pylon  
  18  1:37  Photon Cannon  
  18  1:45  Probe  
  19  1:55  Assimilator  
  19  1:57  Probe  
  20  2:04  Photon Cannon x2  
  20  2:20  Nexus  
  20  2:29  Cybernetics Core  
  20  2:31  Probe  
  21  2:40  Assimilator  
  21  2:43  Probe  
  22  2:55  Probe  
  22  2:57  Adept  
  23  3:01  Pylon  
  23  3:06  Warp Gate  
  23  3:07  Probe  
  27  3:20  Probe  
  27  3:23  Adept  
  29  3:29  Probe  
  29  3:30  Probe  
  29  3:31  Stargate  
  31  3:37  Probe  
  31  3:38  Probe  
  32  3:46  Probe  
  32  3:47  Shield Battery  
  33  3:53  Sentry, Probe  
  37  3:58  Probe  
  38  4:05  Probe  
  38  4:07  Oracle, Pylon  
  39  4:10  Probe  
  40  4:18  Probe  
  40  4:22  Probe  
  45  4:27  Gateway  
  45  4:29  Gateway  
  45  4:30  Probe  
  46  4:35  Probe  
  46  4:37  Oracle  
  47  4:47  Probe  
  47  4:48  Probe  
  47  4:52  Pylon  
  52  5:01  Probe x2  
  54  5:13  Probe x2  
  56  5:20  Nexus  
  56  5:23  Robotics Facility, Pylon  
  56  5:24  Assimilator  
  56  5:25  Probe  
  56  5:26  Assimilator  
  56  5:28  Probe  
  58  5:33  Sentry, Zealot  
  58  5:34  Zealot  
  64  5:37  Probe  
  64  5:39  Probe  
  66  5:46  Probe  
  66  5:47  Probe  
  67  5:53  Protoss Ground Weapons Level 1  
  67  5:54  Probe  
  67  5:56  Probe, Pylon  
  68  5:58  Shield Battery  
  68  5:59  Pylon  
  70  6:04  Probe  
  70  6:05  Immortal  
  71  6:14  Probe  
  71  6:16  Probe  
  77  6:20  Robotics Facility  
  77  6:23  Twilight Council  
  77  6:26  Probe  
  78  6:34  Probe  
  78  6:37  Probe  
  80  6:42  Charge  
  80  6:44  Probe  
  80  6:46  Probe  
  79  6:56  Probe, Immortal  
  79  6:59  Probe x2  
  79  7:01  Immortal  
  82  7:02  Gateway  
  82  7:04  Sentry, Gateway, Zealot x2  
  82  7:05  Probe  
  82  7:06  Gateway  
  88  7:10  Pylon  
  88  7:15  Pylon  
  93  7:19  Assimilator  
  93  7:21  Pylon  
  93  7:26  Pylon  
  93  7:27  Immortal  
  93  7:29  Templar Archives  
  93  7:33  Gateway  
  93  7:36  Gateway  
  97  7:39  Immortal  
  101  7:46  Shield Battery  
  101  7:48  Zealot x3  
  103  8:08  Zealot x3  
  103  8:12  Immortal  
  90  8:17  Zealot x3  
  90  8:22  Immortal  
  98  8:33  Sentry x2, Zealot  
  98  8:34  Zealot x2  
  106  8:43  Protoss Ground Weapons Level 2  
  106  8:44  Pylon  
  106  8:47  Robotics Bay  
  106  8:51  Psionic Storm, Pylon  
  106  9:09  Nexus  
  106  9:11  Pylon  
  106  9:14  High Templar x2  
  110  9:18  Pylon  
  112  9:34  Stalker  
  112  9:37  High Templar  
  116  9:40  High Templar  
  116  9:41  Zealot  
  116  9:45  Shield Battery  
  118  9:47  Shield Battery  
  118  9:50  Warp Prism  
  118  9:57  High Templar  
  118  9:59  Zealot  
  122  10:04  Zealot  
  118  10:09  Zealot  
  118  10:10  Zealot  
  118  10:20  Pylon  
  118  10:21  Probe x2, Pylon  
  118  10:22  High Templar  
  118  10:23  High Templar, Zealot x2  
  118  10:27  Archon  
  129  10:28  Observer  
  129  10:37  Pylon  
  129  10:39  Zealot x2, Pylon  
  129  10:40  Zealot x2  
  135  10:43  Assimilator  
  135  10:46  Zealot  
  135  10:49  Assimilator  
  135  10:59  Zealot  
  135  11:00  Zealot x4  
  145  11:04  Zealot x2  
  149  11:21  Immortal  
  149  11:23  High Templar x2, Zealot x2  
  161  11:27  Archon  
  161  11:34  Zealot x2  
  141  11:47  Zealot x4  
  141  11:53  Immortal  
  149  11:59  Immortal  
  119  12:05  Zealot  
  117  12:14  Zealot x3  
  117  12:15  Zealot x4  
  126  12:22  Immortal  
  114  12:26  High Templar  
  114  12:27  Immortal  
  94  12:32  Archon x2  
  86  12:40  High Templar x2  
  86  12:41  High Templar x4  
  102  12:45  Archon x3  
  102  12:47  High Templar x2  
  106  12:52  Archon  
  102  13:06  Shield Battery  
  102  13:09  Shield Battery  
Show
View Real Time Build Order
Export as new Build Order

Lambo Zerg - Winner!

Build Orders: Hatch First 

Get SALT Encoding   

  12  0:00  Drone  
  13  0:13  Overlord  
  13  0:17  Drone  
  14  0:32  Drone x2  
  16  0:49  Hatchery  
  15  0:52  Drone  
  15  0:56  Drone  
  17  0:59  Drone  
  18  1:10  Extractor  
  17  1:15  Spawning Pool  
  16  1:19  Drone  
  16  1:21  Drone  
  18  1:31  Drone  
  19  1:52  Drone  
  20  2:04  Spine Crawler, Hatchery  
  18  2:09  Drone x2  
  20  2:19  Drone x2  
  20  2:20  Metabolic Boost  
  22  2:27  Overlord  
  22  2:37  Queen, Drone  
  26  2:50  Zergling x4  
  28  3:10  Hatchery  
  27  3:17  Queen  
  27  3:18  Drone  
  27  3:19  Zergling x2  
  31  3:22  Drone  
  31  3:23  Overlord  
  32  3:33  Drone  
  33  3:34  Drone  
  33  3:39  Drone  
  35  3:44  Zergling x2  
  36  3:50  Drone  
  36  3:52  Drone x3  
  36  3:55  Drone  
  41  3:58  Queen  
  43  4:05  Drone  
  44  4:11  Overlord  
  44  4:14  Spore Crawler  
  44  4:16  Lair  
  43  4:18  Drone  
  43  4:23  Spore Crawler  
  43  4:24  Drone x4  
  43  4:25  Drone  
  43  4:28  Drone  
  43  4:29  Drone  
  43  4:31  Drone  
  51  4:34  Queen  
  53  4:39  Overlord  
  53  4:40  Drone x2  
  53  4:43  Spore Crawler  
  53  4:44  Extractor  
  53  4:45  Extractor  
  52  4:50  Roach Warren, Drone  
  52  4:52  Drone x2  
  54  4:54  Drone  
  54  4:59  Drone x2  
  57  5:02  Overlord, Drone  
  57  5:15  Spore Crawler, Drone x2  
  57  5:19  Overlord, Extractor  
  57  5:21  Hydralisk Den  
  57  5:22  Overlord  
  57  5:23  Drone x4  
  61  5:31  Evolution Chamber, Drone x3  
  61  5:33  Roach  
  65  5:39  Overlord  
  64  5:44  Roach x3  
  64  5:46  Overlord  
  64  5:49  Roach  
  71  5:50  Grooved Spines  
  71  5:52  Drone x2  
  71  5:55  Drone  
  74  5:58  Drone x2  
  74  6:00  Ravager  
  74  6:01  Roach  
  79  6:08  Drone x3  
  79  6:09  Drone  
  82  6:19  Drone  
  82  6:21  Extractor  
  82  6:24  Overlord  
  82  6:25  Hydralisk x4  
  84  6:30  Hydralisk x4  
  96  6:38  Hydralisk  
  97  6:41  Overlord  
  97  6:44  Overlord  
  94  6:48  Overlord  
  94  6:50  Overlord  
  94  6:51  Hydralisk x2  
  94  6:55  Hydralisk  
  92  7:02  Drone x2  
  94  7:08  Hydralisk x3  
  94  7:13  Hydralisk  
  102  7:16  Overlord  
  102  7:23  Zergling x10  
  102  7:26  Zergling x4  
  102  7:29  Zergling x4  
  112  7:30  Zergling x2  
  112  7:32  Ravager x2  
  112  7:34  Ravager x3, Zergling x2  
  112  7:35  Zergling x2  
  119  7:40  Roach  
  119  7:42  Roach  
  123  7:45  Roach  
  123  7:48  Roach x2, Zergling x2  
  130  7:53  Overseer  
  130  7:54  Zergling x14  
  137  8:00  Zergling x2  
  137  8:09  Zergling x6  
  131  8:17  Zergling x10  
  133  8:22  Roach x3, Hydralisk x2  
  133  8:26  Zerg Missile Weapons Level 1  
  143  8:30  Infestation Pit  
  143  8:33  Zergling x8  
  141  8:40  Overlord  
  140  8:42  Overlord  
  140  8:45  Extractor  
  140  8:47  Drone x7  
  144  8:58  Drone  
  144  8:59  Drone  
  144  9:02  Muscular Augments, Glial Reconstitution  
  146  9:04  Drone  
  146  9:05  Drone  
  146  9:06  Hatchery  
  147  9:16  Roach x4  
  155  9:33  Drone, Hive  
  155  9:34  Baneling Nest  
  155  9:35  Drone x3  
  155  9:36  Spire  
  157  9:39  Drone x3  
  160  9:46  Drone x2  
  160  9:50  Overlord  
  160  9:52  Overlord  
  162  9:54  Overlord  
  162  9:55  Overlord  
  162  9:57  Overlord  
  160  10:04  Overlord  
  141  10:17  Drone x3  
  141  10:20  Extractor  
  143  10:21  Extractor  
  143  10:23  Centrifical Hooks  
  143  10:24  Zerg Missile Weapons Level 2  
  142  10:31  Baneling x7  
  142  10:32  Overseer  
  142  10:35  Drone  
  142  10:36  Queen, Drone x5  
  148  10:50  Greater Spire  
  148  10:51  Hydralisk, Zergling x36  
  168  11:05  Pneumatized Carapace  
  168  11:18  Hydralisk x8, Zergling x14  
  168  11:21  Baneling x8  
  168  11:23  Zergling x4  
  192  11:26  Baneling  
  192  11:27  Baneling x7  
  190  11:38  Zergling x2  
  190  11:39  Zergling x12  
  193  11:42  Overlord  
  191  11:49  Hydralisk  
  191  11:50  Hydralisk x5  
  179  12:01  Hydralisk, Baneling x6  
  179  12:02  Zergling x8  
  179  12:06  Zergling x8  
  181  12:11  Hydralisk  
  166  12:20  Hydralisk x3  
  150  12:24  Corruptor x2  
  148  12:31  Corruptor x2  
  148  12:35  Corruptor  
  154  12:41  Corruptor  
  154  12:42  Zergling x2  
Tags
 
Add a new tag
Caveats
  • Supply blocks, unpowered buildings, or Contaminate may cause inaccurate times.
  • Supply counts are checked every 10 seconds.